 Dungeon Crawl Stone Soup version 0.24.1-14-gf8d2b509d9 (console) character file.

Game seed: 996469576181437287, levelgen mode: deterministic

49 Kagalorn the Skirmisher (level 3, -7/39 HPs)
             Began as a Minotaur Wanderer on Feb 25, 2021.
             Mangled by Terence
             ... wielding a +6 flail of protection
              (9 damage)
             ... on level 2 of the Dungeon.
             The game lasted 00:02:10 (1014 turns).

Kagalorn the Skirmisher (Minotaur Wanderer)         Turns: 1014, Time: 00:02:11

Health: -7/39      AC:  2    Str: 16    XL:     3   Next: 53%
Magic:  2/2        EV:  8    Int:  9    God:
Gold:   78         SH:  8    Dex: 10    Spells: 2/2 levels left

rFire    . . .     SeeInvis .   a - +0 hand axe
rCold    . . .     Gourm    .   b - +0 shield
rNeg     . . .     Faith    .   d - +0 robe
rPois    .         Spirit   .   (helmet restricted)
rElec    .         Reflect  .   (no cloak)
rCorr    .         Harm     .   (no gloves)
MR       .....                  (no boots)
Stlth    +.........             (no amulet)
HPRegen  0.13/turn              (no ring)
MPRegen  0.08/turn              (no ring)

@: hasted, very quick
A: retaliatory headbutt, horns 2
a: no special abilities


You were on level 2 of the Dungeon.
You were not hungry.

You visited 1 branch of the dungeon, and saw 2 of its levels.

You collected 78 gold pieces.

Inventory:

Hand Weapons
 a - a +0 hand axe (weapon)
Missiles
 c - 14 poisoned darts (quivered)
 j - 10 sling bullets
 l - 37 stones
Armour
 b - a +0 shield (worn)
 d - a +0 robe (worn)
Scrolls
 g - a scroll of remove curse {unknown}
 i - a scroll of magic mapping {unknown}
 m - a scroll of immolation {unknown}
 n - a scroll of enchant weapon {unknown}
 p - a scroll of amnesia {unknown}
 q - 2 scrolls of random uselessness {unknown}
Potions
 k - a potion of degeneration {unknown}
Comestibles
 f - a ration
 o - a chunk of flesh


   Skills:
 + Level 7.4 Fighting
 * Level 2.3(2.5) Axes
   Level 1.2(2.0) Polearms
 - Level 1.0 Throwing
 + Level 2.1 Armour
 + Level 2.1 Shields


You had 2 spell levels left.
You didn't know any spells.
Your spell library was empty.

Dungeon Overview and Level Annotations

Branches:
Dungeon (2/15)

Altars:

Annotations:
D:2 Terence


Innate Abilities, Weirdness & Mutations

You reflexively headbutt those who attack you in melee.
You have a pair of horns on your head.


Message History

Terence closely misses you.
You completely miss Terence. You headbutt Terence!
Terence is severely wounded.
Terence hits you with a +6 flail of protection.
* * * LOW HITPOINT WARNING * * *
You see here a bat skeleton.
Terence shouts, "Now you die!" You block Terence's attack.
There is a stone staircase leading up, spattered with blood here.
Things that are here:
a +0 club; a hobgoblin skeleton You aren't carrying any items that you can evoke.
It was a potion of cancellation.
You feel magically purged.
It was a potion of haste.
You feel yourself speed up.
Terence hits you with a +6 flail of protection.
* * * LOW HITPOINT WARNING * * *
You hit Terence but do no damage. Your headbutt misses Terence.
Terence is severely wounded.
Terence hits you with a +6 flail of protection!
You die...

#### ..# #.#
########.##
..........####
#########....8#
#>..รท@@g..##..#
#########..#.##
#...#g# #...#.##
#)).#.8#
#...#..#
#...#.## #...#.#
#...#.#


You could see Terence and a goblin.

Vanquished Creatures
  An adder (D:2)
  2 oozes
  3 dart slugs
  A goblin (D:1)
  7 hobgoblins
  4 bats
  A frilled lizard (D:1)
  4 kobolds
  3 rats
26 creatures vanquished.

Notes
Turn   | Place    | Note
-------+----------+-------------------------------------------
     0 | D:1      | Kagalorn the Minotaur Wanderer began the quest for the Orb.
     0 | D:1      | Kagalorn set off with the following items: a +0 hand axe, a
                  | +0 shield, a +0 spear, a +0 robe, a ration
     0 | D:1      | Reached XP level 1. HP: 26/26 MP: 0/0
    70 | D:1      | Reached skill level 1 in Axes
    70 | D:1      | Reached XP level 2. HP: 22/34 MP: 1/1
   646 | D:2      | Reached XP level 3. HP: 34/39 MP: 2/2
   984 | D:2      | Noticed Terence
  1014 | D:2      | Mangled by Terence

Levels and vault maps discovered:
D:1:      giann_bridges, layout_basic, minmay_unequal
D:2:      wad_river_or_something, layout_rooms, cheibriados_altar_1,
          first_ration, hangedman_ru_absence, uniq_terence

Skill      XL: |  1  2 |
---------------+-------+-----
Axes           | 1 2 |  2.3
Armour         | 2 |  2.1
Shields        | 2 |  2.1
Fighting       | |  7.4
Polearms       | |  1.2
Throwing       | |  1.0

Action                   || total
-------------------------++-------
Melee: Hand axe          ||    83
       Headbutt          ||    14
  Use: Potion            ||     2
 Stab: Sleeping          ||     1
Armor: Robe              ||    14
Dodge: Dodged            ||    18
Block: Shield            ||    31
